 Dungeon Crawl Stone Soup version 0.19-a0-1007-g133f65f (webtiles) character file.

9679 HAL9000 the Bludgeoner (level 11, -4/186 HPs)
             Began as an Ogre Berserker on July 21, 2016.
             Was a High Priest of Trog.
             Slain by a black mamba (15 damage)
             ... on level 2 of the Lair of Beasts.
             The game lasted 00:24:24 (10713 turns).

HAL9000 the Bludgeoner (Ogre Berserker)            Turns: 10713, Time: 00:24:25

Health: -4/186     AC:  8    Str: 29    XL:     11   Next: 50%
Magic:  3/3        EV: 16    Int:  6    God:    Trog [*****.]
Gold:   446        SH:  0    Dex: 12    Spells: 0 memorised, 10 levels left

rFire  + . .     SeeInvis .     Z - +8 giant spiked club (antimagic) {god gift}
rCold  . . .     Gourm    .     w - +2 robe {Archmagi}
rNeg   . . .     Faith    .     (shield currently unavailable)
rPois  .         Spirit   .     Q - +1 hat
rElec  .         Dismiss  .     X - +1 cloak
rCorr  .         Reflect  .     (gloves unavailable)
SustAt .         Harm     .     (boots unavailable)
MR     +++..                    o - amulet of rage
Stlth  ..........               O - ring of protection from fire
                                T - +3 ring of evasion

@: berserking (expiring), lethally poisoned (-4 -> -20), regenerating, very
quick, extremely resistant to hostile enchantments, extremely unstealthy
A: unfitting armour, tough skin 1
a: Berserk, Trog's Hand, Brothers in Arms, Burn Spellbooks, Renounce Religion,
Evoke Berserk Rage


You were on level 2 of the Lair of Beasts.
You worshipped Trog.
Trog was extremely pleased with you.
You were hungry.

You visited 2 branches of the dungeon, and saw 11 of its levels.
You also visited: Sewer.

You collected 446 gold pieces.

Inventory:

Hand Weapons
 Z - a +8 antimagic giant spiked club (weapon) {god gift}
Missiles
 K - 2 javelins of penetration (quivered)
 P - 7 tomahawks
 U - 2 throwing nets
Armour
 w - a +2 robe of the Archmagi (worn)
 Q - a +1 hat (worn)
 X - a +1 cloak (worn)
Jewellery
 o - an amulet of rage (around neck)
 v - an uncursed ring of sustain attributes
 O - a ring of protection from fire (right hand)
 R - the ring of Ru's Brutal Revenge {*Confuse rC+++ AC+2 Int+5 Dex-2}
   (You found it on level 7 of the Dungeon)

   [ring of protection]

   It affects your AC (+2).
   It affects your intelligence (+5).
   It affects your dexterity (-2).
   It renders you almost immune to cold.
   It may confuse you when you take damage.
 T - a +3 ring of evasion (left hand)
Wands
 y - a wand of confusion (48/48)
 B - a wand of enslavement (6/24)
 E - a wand of random effects (33/48)
 J - a wand of flame (29/48)
 M - a wand of enslavement (17/24)
 Y - a wand of iceblast (2/15)
Scrolls
 e - 4 scrolls of remove curse
 j - a scroll of enchant armour
 q - a scroll of teleportation
 W - a scroll of fear
Potions
 d - 11 potions of curing
 p - 4 potions of might
 t - 2 potions of heal wounds
 u - 6 potions of flight
 x - 5 potions of brilliance
 z - a potion of invisibility
 D - a potion of berserk rage {unknown}
 F - a potion of cure mutation
 G - a potion of cancellation
 I - a potion of magic {unknown}
 N - a potion of haste {unknown}
 S - a potion of ambrosia {unknown}
Comestibles
 c - 11 bread rations
 m - 5 meat rations
 n - 6 fruits
 s - 9 royal jellies
 A - a beef jerky


   Skills:
 + Level 12.5 Fighting
 * Level 16.6 Maces & Flails
 + Level 6.8 Dodging


You had 10 spell levels left.
You didn't know any spells.

Dungeon Overview and Level Annotations

Branches:
Dungeon (9/15)             Temple (0/1) D:4            Lair (2/6) D:9
  Snake (0/4) Lair:2
  Swamp: Lair:2-4    Shoals: Lair:2-4       Orc: D:9-12

Altars:
Cheibriados
Dithmenos
Nemelex Xobeh
Okawaru
Pakellas
Uskayaw
Zin
Jiyva

Annotations:
D:7 shady's ghost, novice MfSk


Innate Abilities, Weirdness & Mutations

You are too large for most types of armour.
You have tough skin. (AC +1)


Message History

The black mamba is heavily wounded.
You feel very sick.
The black mamba misses you. x2; The blink frog blinks!
The black bear completely misses you.
The black bear claws you but does no damage. x2
Unknown command.
You barely miss the black bear.
The black bear is almost dead.
You feel very sick. The black mamba bites you!
* * * LOW HITPOINT WARNING * * *
The black mamba bites you but does no damage. x2
Unknown command.
You barely miss the black mamba.
The black mamba is heavily wounded.
* * * LOW HITPOINT WARNING * * *
You feel very sick.
The black mamba bites you but does no damage.
The black mamba bites you!
You die...

#...#... ## #......
##.###.....
#..P#..>..#
#S...§....####
....F.FF.....######
#SS.P.P....#.#.
#ShS#.##....P..# ##
##@## # P......#.
##..# #.....##
#P..## #...# #....#
##... ##...## ##..
#..P## #########<.#
#...# ##......)...#
##..# #...###.###..
##.÷####..##
####...


You could see 2 black mambas, 3 blink frogs, 2 water moccasins and a black bear.

Vanquished Creatures
  Gastronok (D:9)
  A black mamba (Lair:2)
  3 spiny frogs
  Grinder (D:3)
  3 blink frogs (Lair:1)
  4 yaks (Lair:1)
  A hippogriff (D:9)
  2 hungry ghosts
  5 porcupines (Lair:1)
  5 water moccasins
  An orc warrior (D:8)
  3 sky beasts
  2 ice beasts
  A phantom (D:6)
  A black bear (D:8)
  3 ogres
  3 centaurs
  5 big kobolds
  7 giant frogs
  4 scorpions
  7 killer bees (D:9)
  5 wights (D:7)
  3 crimson imps
  2 giant frog skeletons
  6 jellies
  3 hounds
  5 orc priests (D:4)
  A gnoll shaman (D:7)
  5 orc wizards
  Jessica (D:3)
  5 iguanas
  Natasha (thrice) (D:4)
  4 worker ants
  A killer bee zombie (D:9)
  A hound zombie (D:9)
  A hound skeleton (D:8)
  A worker ant zombie (D:6)
  8 adders
  11 gnolls
  A shadow imp (D:6)
  7 oozes
  2 adder zombies
  4 adder skeletons
  6 worms
  5 dart slugs
  3 giant geckos
  23 orcs
  4 ball pythons
  5 giant cockroaches
  12 goblins
  5 hobgoblins
  3 jackals (D:4)
  21 kobolds
  10 bats
  A giant gecko skeleton (D:5)
  5 giant newts
  A jackal skeleton (D:5)
  A quokka skeleton (D:4)
  A quokka zombie (D:6)
  17 rats
  A fungus (Lair:1)
267 creatures vanquished.

Notes
Turn   | Place    | Note
-------+----------+-------------------------------------------
     0 | D:1      | HAL9000 the Ogre Berserker began the quest for the Orb.
     0 | D:1      | Reached XP level 1. HP: 24/24 MP: 1/1
   277 | D:1      | Reached XP level 2. HP: 31/32 MP: 2/2
   522 | D:1      | Reached skill level 5 in Maces & Flails
   522 | D:1      | Reached XP level 3. HP: 24/40 MP: 3/3
  1267 | D:2      | Reached ** piety under Trog
  1842 | D:2      | Reached XP level 4. HP: 49/49 MP: 4/4
  2051 | D:3      | Reached skill level 5 in Fighting
  2113 | D:3      | Reached skill level 6 in Maces & Flails
  2165 | D:3      | Noticed Jessica
  2169 | D:3      | Noticed Grinder
  2177 | D:3      | Killed Jessica
  2186 | D:3      | Killed Grinder
  2186 | D:3      | Reached skill level 7 in Maces & Flails
  2186 | D:3      | Reached XP level 5. HP: 27/59 MP: 5/5
  2186 | D:3      | Reached XP level 6. HP: 31/67 MP: 6/6
  2254 | D:3      | Found a glowing drain.
  2308 | Sewer    | Entered a sewer
  2442 | Sewer    | Reached skill level 8 in Maces & Flails
  2450 | Sewer    | Reached XP level 7. HP: 76/76 MP: 7/7
  2534 | Sewer    | Reached *** piety under Trog
  2560 | Sewer    | Reached skill level 9 in Maces & Flails
  3881 | D:4      | Noticed Natasha
  3889 | D:4      | Killed Natasha
  3939 | D:4      | Noticed Natasha
  3951 | D:4      | Killed Natasha
  3985 | D:4      | Noticed Natasha
  4006 | D:4      | Killed Natasha
  4187 | D:4      | Reached skill level 10 in Maces & Flails
  4187 | D:4      | Reached XP level 8. HP: 83/88 MP: 8/8
  4262 | D:4      | Found a staircase to the Ecumenical Temple.
  4298 | D:4      | Reached **** piety under Trog
  4669 | D:5      | Entered Level 5 of the Dungeon
  4950 | D:5      | Found a hide-covered altar of Uskayaw.
  5064 | D:5      | Reached skill level 11 in Maces & Flails
  5421 | D:6      | Found a shadowy altar of Dithmenos.
  5455 | D:6      | Found an oddly glowing altar of Pakellas.
  5823 | D:6      | Reached skill level 12 in Maces & Flails
  5917 | D:6      | Reached XP level 9. HP: 85/98 MP: 9/9
  6301 | D:6      | Noticed an angel
  6302 | D:6      | Found a glowing silver altar of Zin.
  6434 | D:7      | Noticed shady's ghost (novice MfSk)
  6832 | D:7      | Reached skill level 13 in Maces & Flails
  7315 | D:7      | Reached skill level 10 in Fighting
  7357 | D:7      | Got a vibrating amber ring
  7647 | D:8      | Reached skill level 14 in Maces & Flails
  7690 | D:8      | Reached XP level 10. HP: 77/111 MP: 10/10
  7735 | D:8      | Identified the ring of Ru's Brutal Revenge {*Confuse rC+++ AC+2 Int+5 Dex-2} (You found it on level 7 of the Dungeon)
  7758 | D:8      | Found an iron altar of Okawaru.
  7766 | D:8      | Found a snail-covered altar of Cheibriados.
  7924 | D:8      | Found a viscous altar of Jiyva.
  7993 | D:9      | Found a shadowy altar of Dithmenos.
  7994 | D:9      | Noticed Gastronok
  8014 | D:9      | Killed Gastronok
  8014 | D:9      | Reached skill level 15 in Maces & Flails
  8014 | D:9      | Reached skill level 5 in Dodging
  8027 | D:9      | Reached ***** piety under Trog
  8268 | D:9      | Found a sparkling altar of Nemelex Xobeh.
  8839 | D:9      | Found a staircase to the Lair.
  9343 | Lair:1   | Entered Level 1 of the Lair of Beasts
  9428 | Lair:1   | Reached XP level 11. HP: 108/123 MP: 11/11
  9501 | Lair:1   | Reached skill level 16 in Maces & Flails
 10273 | Lair:2   | Received a gift from Trog
 10684 | Lair:2   | Found a staircase to the Snake Pit.
 10713 | Lair:2   | Slain by a black mamba

Vault maps used:
D:1:      lemuel_arrival_river_ford
D:3:      first_bread, portal_sewer_entry_a, corner_web_ring,
          minmay_misc_feat_chi, patterned_corridor, uniq_grinder, uniq_jessica
D:4:      minmay_misc_feat_five, grunt_decor_arrowhead, st_stairs_4,
          grunt_decor_mini_mirrors, nrook_loot_triangle, uniq_natasha
D:5:      nicolae_overflow_hidden_temple
D:6:      grunt_pakellas_basics, zin_angel, nicolae_ossuary_entry_monument,
          grunt_dithmenos_smoke
D:8:      minitemple, hangedman_little_slice_of_home
D:9:      nemelex_xobeh_ov_fountains_minmay, old_standard_altar, lair_0_dummy,
          uniq_gastronok
Lair:1:   grunt_megastairs_5, lemuel_fruit_tree
Lair:2:   minmay_snake_entry_six_corridors
Sewer:    kennysheep_pipe_town

Skill      XL: |  1  2  3  4  5  6  7  8  9 10 11 |
---------------+----------------------------------+-----
Maces & Flails | 5 7 8 10 12 14 15 16 | 16.6
Fighting       | 6 7 9 10 11 12 | 12.5
Dodging        | 4 6 |  6.8

Action                   |  1- 3 |  4- 6 |  7- 9 | 10-12 || total
-------------------------+-------+-------+-------+-------++-------
Melee: Mace              |   110 |    86 |   149 |       ||   345
       Flail             |       |       |   239 |       ||   239
       Giant spiked club |       |       |   108 |   245 ||   353
Throw: Javelin           |       |       |     1 |       ||     1
Invok: Berserk           |       |     3 |     7 |     2 ||    12
       Trog's Hand       |       |     1 |     3 |     2 ||     6
Evoke: Wand              |       |       |     2 |       ||     2
  Use: Scroll            |       |       |    14 |     8 ||    22
       Potion            |       |       |     1 |       ||     1
 Stab: Distracted        |       |       |       |     1 ||     1
  Eat: Chunk             |     3 |     5 |    24 |     8 ||    40
       Fruit             |       |       |     4 |       ||     4
       Pizza             |       |       |     3 |     1 ||     4
       Royal jelly       |       |       |       |     1 ||     1
Armor: Animal skin       |    43 |    19 |       |       ||    62
       Robe              |       |     9 |   130 |    49 ||   188
Dodge: Dodged            |    62 |    39 |   261 |   208 ||   570
